 Dungeon Crawl Stone Soup version 0.19-a0-1855-gb7442ac (webtiles) character file.

314 Amnesiac the Cutter (level 6, -4/37 (39) HPs)
             Began as a Halfling Assassin on Oct 12, 2016.
             Slain by an ogre
             ... wielding a +0 giant spiked club
              (16 damage)
             ... on level 4 of the Dungeon.
             The game lasted 00:02:50 (1553 turns).

Amnesiac the Cutter (Halfling Assassin)             Turns: 1553, Time: 00:02:51

HP:   -4/37 (39)    AC:  7    Str: 13    XL:     6   Next: 72%
MP:   6/6           EV: 12    Int:  9    God:
Gold: 96            SH:  0    Dex: 17    Spells: 0 memorised, 5 levels left

rFire  . . .     SeeInvis .     w - +2 dagger (drain)
rCold  . . .     Gourm    .     s - +0 ring mail (curse)
rNeg   . . .     Faith    .     (shield restricted)
rPois  .         Spirit   .     (no helmet)
rElec  .         Dismiss  .     d - +0 cloak
rCorr  .         Reflect  .     l - +0 pair of gloves
MR     .....     Harm     .     (no boots)
Stlth  ++........               (no amulet)
                                (no ring)
                                (no ring)

@: starving
A: mutation resistance 1
a: no special abilities


You were on level 4 of the Dungeon.
You were starving.

You visited 2 branches of the dungeon, and saw 5 of its levels.

You collected 96 gold pieces.

Inventory:

Hand Weapons
 e - a +0 blowgun
 w - a +2 dagger of draining (weapon)
Missiles
 b - 14 poisoned needles
 f - 2 curare-tipped needles
Armour
 d - a +0 cloak (worn)
 l - a +0 pair of gloves (worn)
 s - a cursed +0 ring mail (worn)
Jewellery
 c - an uncursed ring of fire {unknown}
Scrolls
 a - a scroll of noise {unknown}
 m - a scroll of teleportation {unknown}
 n - a scroll of amnesia {unknown}
 r - 2 scrolls of fear {unknown}
 t - 2 scrolls of remove curse {unknown}
 u - a scroll of magic mapping {unknown}
 x - a scroll of fog {unknown}
Potions
 h - a potion of flight {unknown}
 i - a potion of ambrosia {unknown}
 k - a potion of invisibility
 o - a potion of curing {unknown}
 p - 3 potions of lignification {unknown}
 q - a potion of heal wounds {unknown}
Comestibles
 g - 3 bread rations
 j - 2 beef jerkies
 v - a meat ration


   Skills:
 - Level 2.0 Fighting
 + Level 7.4 Short Blades
 - Level 2.0 Throwing
 - Level 1.1 Dodging
 - Level 5.0 Stealth


You had 5 spell levels left.
You didn't know any spells.

Dungeon Overview and Level Annotations

Branches:
Dungeon (4/15)             Temple (1/1) D:4

Altars:
Dithmenos
Fedhas
Gozag
Makhleb
Nemelex Xobeh
Okawaru
Sif Muna
Trog
Xom
Yredelemnul
The Shining One


Innate Abilities, Weirdness & Mutations

You are small and have problems with some larger weapons.
You are somewhat resistant to further mutation.


Message History

j - 2 beef jerkies (gained 1)
You need to eat something NOW!
You need to eat something NOW!
Found a runed trident.
An ogre comes into view. It is wielding a giant spiked club.
The ogre shouts!
You hit the ogre.
The ogre is lightly wounded.
The ogre hits you with a giant spiked club.
You hit the ogre. You drain the ogre!
The ogre is moderately wounded.
You hit the ogre but do no damage.
The ogre is moderately wounded.
The ogre hits you with a giant spiked club!
You hit the ogre. You drain the ogre!
The ogre is heavily wounded.
Your ring mail prevents you from hitting the ogre.
The ogre is heavily wounded.
The ogre hits you with a giant spiked club!
You die...

#.#.### ##...## #.#.#
##.....## ..#
#.......# .#.
#.......# .#
#...)...# ##.....##
##...## ## #
###.###############..
#
.......@....#.....#.#
#
###)..##O##...###.#.#
# #.# #.####.# #.#.#
# # #.# #.###.#.# #
#.# #.......# # #.#
#..###..# # #.# #..#
#..# # #.. ....# #..#
# .....####.## #


You could see an ogre.

Vanquished Creatures
  A necrophage (D:3)
  A bullfrog (D:4)
  A scorpion (D:4)
  Ijyb (D:3)
  3 gnolls
  2 adders
  A dart slug (D:1)
  3 leopard geckos
  6 orcs
  4 bats
  A giant cockroach (D:1)
  3 hobgoblins
  3 kobolds (D:1)
  A ball python (D:3)
  2 frilled lizards
  3 goblins
  2 rats
38 creatures vanquished.

Notes
Turn   | Place    | Note
-------+----------+-------------------------------------------
     0 | D:1      | Amnesiac the Halfling Assassin began the quest for the Orb.
     0 | D:1      | Reached XP level 1. HP: 14/14 MP: 1/1
   121 | D:1      | Reached skill level 3 in Short Blades
   121 | D:1      | Reached XP level 2. HP: 13/19 MP: 2/2
   497 | D:1      | Reached XP level 3. HP: 23/24 MP: 3/3
   570 | D:2      | Reached skill level 5 in Stealth
   692 | D:3      | Noticed Ijyb
   709 | D:3      | Killed Ijyb
   709 | D:3      | Reached skill level 4 in Short Blades
   709 | D:3      | Reached XP level 4. HP: 24/29 MP: 4/4
  1038 | D:4      | Reached skill level 5 in Short Blades
  1038 | D:4      | Reached XP level 5. HP: 34/34 MP: 5/5
  1042 | D:4      | Noticed a necrophage
  1081 | D:3      | Killed a necrophage
  1081 | D:3      | Reached skill level 6 in Short Blades
  1081 | D:3      | Reached XP level 6. HP: 19/37 MP: 6/6
  1410 | D:4      | Found a staircase to the Ecumenical Temple.
  1420 | Temple   | Entered the Ecumenical Temple
  1503 | D:4      | Reached skill level 7 in Short Blades
  1546 | D:4      | Noticed an ogre
  1553 | D:4      | Slain by an ogre

Vault maps used:
D:1:      kennysheep_arrival_forest
D:2:      first_bread, okawaru_trees_2
D:3:      uniq_robin, uniq_iyjb, uniq_terence
D:4:      kennysheep_six_static_rooms
Temple:   nicolae_temple_the_god_donut

Skill      XL: |  1  2  3  4  5  6 |
---------------+-------------------+-----
Fighting       | 2 |  2.0
Short Blades   | 3 4 5 6 7 |  7.4
Stealth        | 5 |  5.0
Throwing       | |  2.0
Dodging        | |  1.1

Action                   |  1- 3 |  4- 6 || total
-------------------------+-------+-------++-------
Melee: Dagger            |    72 |    75 ||   147
 Fire: Blowgun           |       |     1 ||     1
  Use: Potion            |       |     1 ||     1
 Stab: Sleeping          |     4 |     3 ||     7
       Invisible         |       |     1 ||     1
Armor: Robe              |     3 |       ||     3
       Ring mail         |    15 |    21 ||    36
Dodge: Dodged            |    35 |    23 ||    58
